 Dungeon Crawl Stone Soup version 0.30.1-4-g462c640d31 (webtiles) character file.

Game seed: 8334676861500178906

902 Zeor the Slasher (level 7, 0/57 HPs)
             Began as a Pale Draconian Reaver on Sept 5, 2023.
             Was a High Priest of Zin.
             Killed by nerve-wracking pain
             ... invoked by an orc priest
              (6 damage)
             ... on level 5 of the Dungeon.
             The game lasted 00:19:35 (3670 turns).

Zeor the Slasher (Pale Draconian Reaver)            Turns: 3670, Time: 00:19:35

Health: 0/57       AC:  6    Str: 18 (20) XL:     7   Next: 80%
Magic:  13/13      EV: 11    Int: 12 (13) God:    Zin [*****.]
Gold:   307        SH:  0    Dex: 10 (12) Spells: 5/14 levels left

rFire   . . .        a - +0 falchion
rCold   . . .        i - +0 buckler
rNeg    + . .        (body armour unavailable)
rPois   +            (helmet restricted)
rElec   .            (no cloak)
rCorr   .            (no gloves)
SInv    .            (no boots)
Will    .....        (no amulet)
Stlth   +            b - +6 ring of strength
HPRegen 0.29/turn    e - ring of positive energy
MPRegen 0.13/turn

%: no passive effects
@: confused, short of breath, ambrosia-drunk, on recite cooldown, immotile
A: breathe steam, AC +6, unfitting armour, cold-blooded, steam resistance,
poison resistance
a: Breathe Steam, Renounce Religion, Recite, Vitalisation, Imprison, Sanctuary,
Donate Gold


You were on level 5 of the Dungeon.
You worshipped Zin.
Zin was extremely pleased with you.
You visited 1 branch of the dungeon, and saw 5 of its levels.

You collected 341 gold pieces.
You donated 34 gold pieces to Zin.

Inventory:

Hand Weapons
 a - a +0 falchion (weapon)
Missiles
 f - 10 poisoned darts
 q - a throwing net
Armour
 i - a +0 buckler (worn)
Jewellery
 b - a +6 ring of strength (left hand)
 e - a ring of positive energy (right hand)
Scrolls
 c - a scroll of fog
 l - 6 scrolls of teleportation
 m - a scroll of magic mapping
 p - a scroll of vulnerability
Potions
 d - a potion of brilliance
 g - a potion of mutation
 h - 3 potions of flight
 n - 2 potions of attraction


   Skills:
 + Level 3.1 Fighting
 + Level 5.2 Long Blades
 + Level 2.4 Dodging
 + Level 0.8 Stealth
 * Level 2.6 Shields
 * Level 4.0 Spellcasting
 * Level 4.7 Conjurations
 + Level 1.2 Translocations
 + Level 0.3 Air Magic
 * Level 3.1 Invocations


You had 5 spell levels left.
You knew the following spells:

 Your Spells              Type           Power      Damage    Failure   Level
c - Mephitic Cloud        Conj/Pois/Air  6%         N/A       38%         3
d - Magic Dart            Conj           52%        1d5       4%          1
h - Hailstorm             Conj/Ice       8%         3d4       32%         3
s - Momentum Strike       Conj/Tloc      18%        3d8       13%         2

Your spell library contained the following spells:

 Spells                   Type           Power      Damage    Failure   Level
 Kiss of Death            Conj/Necr      32%        2d7       11%         1
 Call Imp                 Summ           4%         N/A       38%         2
 Sublimation of Blood     Necr           2%         N/A       38%         2
 Ozocubu's Armour         Ice            2%         N/A       63%         3
 Cause Fear               Hex            1%         N/A       95%         4
 Petrify                  Tmut/Erth      2%         N/A       95%         4
 Irradiate                Conj/Tmut      4%         3d13      96%         5
 Summon Forest            Summ/Tloc      1%         N/A       99%         5
 Summon Mana Viper        Hex/Summ       2%         N/A       100%        5
 Summon Cactus Giant      Summ           1%         N/A       100%        6
 Dragon Form              Tmut           1%         N/A       100%        7
 Ozocubu's Refrigeration  Ice            1%         4d7       100%        7
 Dragon's Call            Summ           1%         N/A       100%        9


Dungeon Overview and Level Annotations

Branches:
Dungeon (5/15)
 Temple: D:4-7

Altars:
Qazlal
Wu Jian
Xom
Zin
The Shining One

Shops:
D:2 [


Innate Abilities, Weirdness & Mutations

You can breathe blasts of scalding, opaque steam.
Your pale cyan-grey scales are hard. (AC +6)
You cannot fit into any form of body armour.
You are cold-blooded and may be slowed by cold attacks.
You are immune to the effects of steam.
Your system is resistant to poisons. (rPois)


Message History

* * * LOW HITPOINT WARNING * * *
You block the orc's attack.
Casting: Momentum Strike (safe; 12% risk of failure)
Confirm with . or Enter, or press ? or * to list all spells.
Aiming: Momentum Strike (safe; 12% risk of failure)
Press: ? - help, Dir - move target, f/p - orc priest
Aim: an orc priest, wielding a +0 falchion and wearing a +0 leather armour (68% to hit)
The concentrated momentum hits the orc priest.
The orc priest is moderately wounded.
You are unable to move.
You block the orc's attack.
The orc priest calls upon Beogh to heal the orc.
The orc is healed somewhat.
It was a potion of lignification.
Zin protects your body from unnatural transformation!
You feel woody for a moment. The orc hits you with a +0 dagger.
* * * LOW HITPOINT WARNING * * *
The orc hits you with a +0 mace.
* * * LOW HITPOINT WARNING * * *
It was a potion of mutation.
You feel extremely strange. Zin protects your body from mutation!
You feel resistant to poisons.
Zin protects your body from mutation! x2
Zin forgives your inadvertent chaotic act, just this once.
The orc misses you. The orc hits you but does no damage.
It was a potion of degeneration.
There was something very wrong with that liquid.
You feel weakened.
You feel dopey.
You feel clumsy. The orc hits you with a +0 dagger.
* * * LOW HITPOINT WARNING * * *
The orc hits you with a +0 mace.
* * * LOW HITPOINT WARNING * * *
It was a potion of ambrosia.
You are confused.
You feel invigorated. The orc hits you with a +0 dagger.
* * * LOW HITPOINT WARNING * * *
The orc hits you with a +0 mace.
* * * LOW HITPOINT WARNING * * *
The orc priest mumbles some strange prayers to Beogh against you.
Pain shoots through your body!
You die...

∙∙▒▒▒o ▒∙∙∙∙∙∙∙∙∙∙∙
▒▒∙∙∙∙▒ ▒∙∙∙∙∙∙∙∙∙▒∙∙
▒▒▒∙∙∙∙∙▒ ∙∙∙∙∙∙∙∙∙∙∙▒∙∙
▒∙∙∙∙∙#∙ ∙∙▒▒▒▒∙∙▒∙∙∙∙∙∙
▒∙∙∙∙∙)▒▒∙∙∙▒▒ ▒▒∙▒∙∙∙∙∙▒
▒∙∙▒ ▒∙∙∙)∙∙∙▒ ▒∙∙∙∙∙∙∙∙▒
▒▒▒∙∙∙▒h▒▒▒∙∙▒▒▒▒▒▒▒▒▒∙▒▒▒
▒∙∙∙∙∙∙oo∙▒ ∙∙▒▒▒▒▒▒▒∙▒▒∙
▒▒∙∙▒▒∙▒∙d▒▒▒∙∙∙∙∙∙∙∙∙∙<∙∙
▒ ▒▒▒▒o▒∙∙∙∙∙∙∙∙∙∙▒∙∙∙∙
▒▒∙▒∙∙∙∙∙∙∙∙∙∙▒∙∙∙▒
▒∙∙∙∙∙∙▒∙∙∙▒∙∙∙∙∙∙▒
▒▒∙∙∙∙∙∙▒∙∙∙▒∙∙∙∙▒▒▒
▒∙∙∙∙∙∙∙∙∙∙∙∙∙∙∙∙∙▒▒
▒▒▒∙∙∙∙∙∙∙∙∙▒∙∙∙∙∙∙▒
▒∙∙∙∙∙∙∙∙∙∙∙▒∙∙∙∙∙∙▒
▒▒∙∙∙▒∙∙∙∙∙∙∙∙∙∙∙∙∙▒


You could see a hound, an orc priest and 2 orcs.

Vanquished Creatures
  Sigmund (D:5)
  Menkaure (D:5)
  An ogre (D:5)
  A phantom (D:5)
  A scorpion (D:5)
  A hound (D:5)
  3 orc priests
  2 sleepcaps
  2 iguanas
  2 orc wizards (D:5)
  4 adders
  2 ufetubi
  A worm (D:2)
  4 dart slugs
  20 orcs
  4 ball pythons
  4 endoplasms
  3 giant cockroaches
  4 goblins
  3 hobgoblins
  4 quokkas
  6 bats
  2 kobolds
  5 rats
81 creatures vanquished.

Notes
Turn   | Place    | Note
-------+----------+-------------------------------------------
     0 | D:1      | Zeor the Draconian Reaver began the quest for the Orb.
     0 | D:1      | Reached XP level 1. HP: 17/17 MP: 3/3
   337 | D:1      | Reached XP level 2. HP: 24/24 MP: 5/5
   340 | D:1      | Learned a level 2 spell: Momentum Strike
   403 | D:1      | Found a faded altar of an unknown god.
   413 | D:1      | Prayed at the altar of an unknown god.
   413 | D:1      | Became a worshipper of Zin the Law-Giver
   413 | D:1      | Reached * piety under Zin
   704 | D:2      | Found Woduosogo's Antique Armour Emporium.
   761 | D:2      | Reached ** piety under Zin
   797 | D:2      | Reached XP level 3. HP: 29/29 MP: 6/6
   931 | D:2      | Reached skill level 4 in Long Blades
  1235 | D:3      | Learned a level 1 spell: Magic Dart
  1270 | D:3      | Reached *** piety under Zin
  1398 | D:3      | Reached skill level 1 in Invocations
  1398 | D:3      | Reached XP level 4. HP: 18/37 MP: 2/7
  1555 | D:3      | Learned a level 3 spell: Mephitic Cloud
  1879 | D:3      | Found an ornate altar of the Wu Jian Council.
  1879 | D:3      | Found a shimmering altar of Xom.
  1907 | D:3      | Reached **** piety under Zin
  2094 | D:3      | Found a stormy altar of Qazlal.
  2412 | D:4      | Reached XP level 5. HP: 42/42 MP: 1/9
  2511 | D:4      | Found a glowing golden altar of the Shining One.
  2906 | D:5      | Entered Level 5 of the Dungeon
  3004 | D:5      | Reached skill level 1 in Shields
  3044 | D:5      | Noticed Menkaure
  3053 | D:5      | Killed Menkaure
  3054 | D:5      | Reached XP level 6. HP: 50/50 MP: 2/10
  3072 | D:5      | Learned a level 3 spell: Hailstorm
  3431 | D:5      | Your scales start taking on a pale cyan-grey colour.
  3431 | D:5      | Reached XP level 7. HP: 55/56 MP: 9/12
  3431 | D:5      | Gained mutation: You are immune to the effects of steam.
                  | [Pale Draconian growth]
  3440 | D:5      | Noticed Sigmund
  3449 | D:5      | Reached skill level 5 in Long Blades
  3475 | D:5      | Killed Sigmund
  3476 | D:5      | Reached skill level 1 in Translocations
  3592 | D:5      | Reached ***** piety under Zin
  3667 | D:5      | Gained mutation: Your system is resistant to poisons.
                  | (rPois) [potion of mutation]
  3670 | D:5      | Killed from afar by an orc priest

Illustrated notes

Levels and vault maps discovered:
D:1:      wheals_arrival_shading, layout_basic,
          shapermc_ecumenical_altar_acropolis
D:2:      layout_rooms, serial_shops, shop
D:3:      layout_loops_ring, lemuel_doored_altar,
          gammafunk_temple_overflow_elements
D:4:      layout_cave_pools, overflow_temple_1_default
D:5:      layout_cave_pools, uniq_menkaure, uniq_sigmund

Skill      XL: |  1  2  3  4  5  6  7 |
---------------+----------------------+-----
Long Blades    | 4 5 |  5.2
Invocations    | 1 2 3 |  3.1
Dodging        | 2 |  2.4
Shields        | 1 2 |  2.6
Spellcasting   | 3 4 |  4.0
Conjurations   | 4 |  4.7
Translocations | 1 |  1.2
Fighting       | 3 |  3.1
Stealth        | |  0.8
Air Magic      | |  0.3

Action                     |  1- 3 |  4- 6 |  7- 9 || total
---------------------------+-------+-------+-------++-------
  Melee: Falchion          |   109 |    75 |    19 ||   203
         Tailslap          |    14 |    12 |     2 ||    28
   Cast: Momentum Strike   |    10 |    14 |     4 ||    28
         Magic Dart        |     6 |    17 |     2 ||    25
 Invoke: Recite            |       |     3 |     3 ||     6
Ability: Breathe Steam     |       |       |     5 ||     5
    Use: Scroll            |     9 |     2 |     1 ||    12
         Potion            |       |     3 |     5 ||     8
 Armour: Skin              |    36 |    26 |     2 ||    64
  Dodge: Dodged            |    59 |    46 |     8 ||   113
  Block: Buckler           |     7 |    12 |     5 ||    24
